cohdb
Replays
Latest Replays
All Replays
Popular Replays
Top Player Replays
Match Explorer
How It Works
Community
CoH3 Stats
Reddit
Sign in to upload your games and track your stats! →
Sign in with Steam
Match 45481326
Unlisted
Match 45481326
Overview
Messages
Build Orders
End
Kettenkrad Recon Vehicle
Construct Infanterie Kompanie
MG 42 Machine Gun Team
MG 42 Machine Gun Team
MG 42 Machine Gun Team
Grenadier Squad
Grenadier Squad
MG 42 Bunker
Construct Luftwaffe Kompanie
Jäger Squad
Luftwaffe Officer Quarters
Jäger Squad
GrW 34 Mortar Team
sc3ada
Max1boy
0
0
Comments
sign in to comment!
No comments posted yet!